 Dungeon Crawl Stone Soup version 0.20.1-1-g8b1a95d (console) character file.

31050 hilaritas the Peltast (level 13, -2/113 HPs)
             Began as a Hill Orc Fighter on Aug 5, 2017.
             Was the Champion of Beogh.
             Slain by a salamander
             ... wielding a +0 spear
              (8 damage)
             ... in a volcano.
             The game lasted 00:41:45 (14577 turns).

hilaritas the Peltast (Hill Orc Fighter)           Turns: 14577, Time: 00:41:46

Health: -2/113     AC: 29    Str: 29    XL:     13   Next: 55%
Magic:  22/22      EV: 10    Int:  8    God:    Beogh [******]
Gold:   684        SH: 15    Dex: 10    Spells: 7/12 levels left

rFire    . . .     SeeInvis +   S - +3 broad axe (protect)
rCold    + + .     Gourm    .   c - +1 shield
rNeg     . . .     Faith    .   Z - +3 plate armour {rC+}
rPois    .         Spirit   .   (helmet restricted)
rElec    .         Reflect  .   G - +1 cloak
rCorr    .         Harm     .   F - +0 pair of gloves
MR       .....                  H - +0 pair of boots
Stlth    ..........             m - amulet of regeneration
Regen    0.7/turn               I - +5 ring of slaying
MPRegen  0.2/turn               e - ring of see invisible

@: mighty, protection aura
A: walk on water, horns 1, cold resistance 1
a: Smiting, Recall Orcish Followers, Give Item to Named Follower, Resurrection,
Renounce Religion


You were in a volcano.
You worshipped Beogh.
Beogh was exalted by your worship.
You were hungry.

You visited 3 branches of the dungeon, and saw 18 of its levels.
You also visited: Ossuary and Volcano.

You collected 2168 gold pieces.
You spent 1484 gold pieces at shops.

Inventory:

Hand Weapons
 a - a +1 war axe
 v - a +0 mace of protection
 S - a +3 broad axe of protection (weapon)
 U - the +4 long sword "Newtbane" {pain, Int+5, unknown}
   (You found it on level 13 of the Dungeon)

   In the hands of one skilled in necromantic magic, it inflicts extra damage on
   living creatures.
   It affects your intelligence (+5).
Missiles
 t - a throwing net
 L - 19 tomahawks (quivered)
Armour
 c - a +1 shield (worn)
 F - a +0 pair of gloves (worn)
 G - a +1 cloak (worn)
 H - a +0 pair of boots (worn)
 Z - a +3 plate armour of cold resistance (worn)
Jewellery
 e - a ring of see invisible (right hand)
 k - an uncursed ring of poison resistance
 m - an amulet of regeneration (around neck)
 q - an uncursed ring of protection from cold
 E - an uncursed ring of flight
 I - a +5 ring of slaying (left hand)
Wands
 s - a wand of flame (48/48)
 w - a wand of scattershot (3/9)
 x - a wand of lightning (9/15)
 y - a wand of digging (18/24)
 M - a wand of flame (36/48)
 T - a wand of acid (10/15)
Scrolls
 b - 4 scrolls of enchant armour
 h - 3 scrolls of recharging
 l - 5 scrolls of identify
 n - 3 scrolls of blinking
 p - 5 scrolls of teleportation
 N - 3 scrolls of remove curse
 O - 3 scrolls of fear
 Q - a scroll of magic mapping
 V - a scroll of holy word
 W - a scroll of silence
Potions
 d - 4 potions of cancellation
 i - 2 potions of magic
 o - 2 potions of ambrosia {unknown}
 u - 6 potions of flight
 z - a potion of berserk rage {unknown}
 A - a potion of agility
 B - a potion of invisibility {unknown}
 C - 3 potions of curing
 D - 2 potions of brilliance {unknown}
 J - 3 potions of haste {unknown}
 X - 2 potions of heal wounds
Comestibles
 f - 12 bread rations
 g - 4 meat rations
 j - 10 fruits
 r - 18 royal jellies


   Skills:
 - Level 10.0 Fighting
 - Level 10.3 Axes
 - Level 10.1 Armour
 * Level 5.2 Dodging
 - Level 15.0 Shields
 * Level 12.4 Invocations


You had 7 spell levels left.
You knew the following spells:

 Your Spells              Type           Power        Failure   Level  Hunger
a - Swiftness             Chrm/Air       #.......     99%         2    ###....
b - Blink                 Tloc           N/A          99%         2    ###....
c - Apportation           Tloc           #.....       97%         1    ##.....


Dungeon Overview and Level Annotations

Branches:
Dungeon (13/15)            Temple (0/1) D:5            Lair (3/6) D:9
    Orc (2/2) D:11            Elf (0/3) Orc:2
  Swamp: Lair:2-4    Shoals: Lair:2-4     Snake: Lair:2-4    Spider: Lair:2-4
 Vaults: D:13-14

Altars:
Ashenzari
Elyvilon
Hepliaklqana
Makhleb
Nemelex Xobeh
Qazlal
Xom
Zin

Shops:
Orc:1 [   Orc:2 ?!(}?


Innate Abilities, Weirdness & Mutations

You can walk on water.
You have a pair of small horns on your head.
Your flesh is cold resistant. (rC+)


Message History

You kill the salamander!
Beogh accepts your kill.
You feel very sick.
You feel sick.
The salamander hits you but does no damage.
Things that are here:
a spear of venom; a salamander corpse You feel better.
The salamander hits you with a spear.
* * * LOW HITPOINT WARNING * * *
You are engulfed in flames!
* * * LOW HITPOINT WARNING * * *
You slice the salamander!!
The salamander is heavily wounded.
The salamander hits you but does no damage. x2
You completely miss the salamander. Your headbutt misses the salamander.
The salamander is heavily wounded.
The salamander hits you with a spear.
* * * LOW HITPOINT WARNING * * *
You are engulfed in flames!
You die...

#.## ≈#
+.$.[.'..# ≈§≈##
+.._.N'..##≈≈≈≈#
#.....#...#§≈≈≈≈
#######...#§§§≈≈
+$[.!§+...#≈§≈§
#..≈..#.N.#≈§≈§
#8≈≈≈8#@).#
+..≈).'..##
+.....'..# ≈
#8...8#)##≈
§≈###.....###§§
§≈§≈≈.....§§≈≈§
≈≈§≈≈8...8§≈≈≈#
≈§§§§....§§§###
##§§§§.§§§§§#


You could see a salamander.

Vanquished Creatures
  2 two-headed ogres (Orc:2)
  An ogre mage (Orc:2)
  An orc high priest (Orc:1)
  A salamander mystic (Volcano)
  A hell knight (Volcano)
  An orc sorcerer (Orc:1)
  A manticore (D:11)
  2 cyclopes (Orc:2)
  2 salamanders (Volcano)
  A black mamba (Lair:1)
  A gargoyle (D:10)
  A spiny frog (Lair:2)
  A freezing wraith (D:13)
  7 trolls
  A polar bear (Lair:2)
  Grinder (D:3)
  3 hippogriffs
  A shadow (D:11)
  12 yaks
  Sigmund (D:3)
  2 wraiths
  A wyvern (D:13)
  A basilisk (D:12)
  A warg (D:9)
  3 vampire mosquitoes
  4 swamp worms (Lair:1)
  A soldier ant (shapeshifter) (D:13)
  2 water moccasins
  4 porcupines
  2 ice beasts
  Duvessa (D:6)
  4 orc warriors
  3 sky beasts
  2 necrophages
  2 phantoms
  7 centaurs
  14 ogres
  The ghost of Frank the Skirmisher, an amateur OpMo (D:3)
  2 crocodiles
  6 big kobolds
  6 bullfrogs
  A gnoll sergeant (D:8)
  3 scorpions
  Dowan (D:6)
  5 killer bees (D:7)
  A water moccasin skeleton (D:5)
  17 wights
  5 crimson imps
  A quasit (D:8)
  2 bullfrog zombies
  6 jellies
  A gnoll shaman (D:8)
  8 orc priests
  9 hounds
  8 orc wizards
  3 bullfrog skeletons
  4 iguanas
  Jessica (D:3)
  2 centaur skeletons
  6 worker ants
  8 mummies (Ossuary)
  3 worker ant zombies
  14 adders
  9 gnolls
  A shadow imp (D:12)
  7 oozes
  An adder skeleton (D:3)
  9 worms
  2 dart slugs (D:1)
  4 leopard geckos
  22 orcs
  9 giant cockroaches
  5 goblins
  20 hobgoblins
  5 jackals
  3 quokkas
  2 ball pythons
  4 bats
  9 frilled lizards
  3 hobgoblin zombies (Ossuary)
  24 kobolds
  A kobold zombie (Ossuary)
  4 orc zombies (Ossuary)
  A quokka skeleton (D:9)
  9 rats
  2 fungi (Lair:1)
  A plant (Lair:1)
377 creatures vanquished.

Vanquished Creatures (collateral kills)
  An ettin (Orc:2)
  A hydra (Lair:2)
  7 two-headed ogres
  A death knight (D:13)
  An ogre mage (Orc:2)
  A skeletal warrior (D:13)
  2 deep trolls (Orc:2)
  An unseen horror (D:11)
  A manticore (D:12)
  4 elephants (Lair:3)
  A cyclops (D:13)
  2 spiny frogs
  A freezing wraith (D:13)
  2 komodo dragons
  5 trolls
  A hippogriff (Lair:2)
  3 yaks (Lair:1)
  A vampire mosquito (D:10)
  2 wargs
  A swamp worm (Lair:1)
  2 water moccasins (Lair:2)
  2 porcupines
  An ice beast (D:13)
  A phantom (D:12)
  4 orc warriors
  14 ogres
  2 crocodiles
  A bullfrog (D:11)
  A hound (D:12)
  An orc priest (D:9)
  4 orc wizards
  An iguana (D:12)
  A howler monkey zombie (D:10)
  An adder (D:9)
  6 worms (Lair:1)
  An orc (Lair:2)
  A kobold (D:9)
  A bush (Lair:2)
  2 butterflies (Lair:2)
  8 fungi
  4 plants (Lair:1)
98 creatures vanquished.

Vanquished Creatures (others)
  An orc knight (Orc:2)
  2 orc warriors
  5 orc priests
  5 orc wizards
  14 orcs
  A quokka (D:5)
  2 plants (Lair:1)
30 creatures vanquished.

Grand Total: 505 creatures vanquished

Notes
Turn   | Place    | Note
-------+----------+-------------------------------------------
     0 | D:1      | hilaritas the Hill Orc Fighter began the quest for the Orb.
     0 | D:1      | Reached XP level 1. HP: 19/19 MP: 1/1
   129 | D:1      | Reached XP level 2. HP: 26/26 MP: 2/2
   594 | D:1      | Reached XP level 3. HP: 29/31 MP: 3/3
  1053 | D:2      | Gained mutation: Your mind is acute. (Int +2) [potion of mutation]
  1053 | D:2      | Gained mutation: You have a pair of small horns on your head. [potion of mutation]
  1053 | D:2      | Lost mutation: Your mind is acute. (Int +2) [potion of mutation]
  1053 | D:2      | Gained mutation: Your flesh is cold resistant. (rC+) [potion of mutation]
  1055 | D:2      | Reached skill level 5 in Axes
  1223 | D:2      | Found a stormy altar of Qazlal.
  1249 | D:2      | Reached XP level 4. HP: 25/39 MP: 4/4
  2008 | D:3      | Noticed Jessica
  2019 | D:3      | Killed Jessica
  2019 | D:3      | Reached XP level 5. HP: 33/45 MP: 5/5
  2240 | D:3      | Noticed Grinder
  2264 | D:3      | Killed Grinder
  2264 | D:3      | Reached XP level 6. HP: 20/51 MP: 6/6
  2468 | D:3      | Noticed Sigmund
  2490 | D:3      | Killed Sigmund
  2490 | D:3      | Reached XP level 7. HP: 23/57 MP: 7/7
  2809 | D:3      | Noticed Frank's ghost (amateur OpMo)
  2931 | D:3      | Killed Frank's ghost
  2931 | D:3      | Reached skill level 10 in Axes
  3165 | D:4      | Found a sand-covered staircase.
  3173 | Ossuary  | Entered an ossuary
  3896 | D:4      | Became a worshipper of Beogh the Brigand
  3963 | D:4      | Reached XP level 8. HP: 49/67 MP: 8/8
  3967 | D:4      | Reached skill level 4 in Shields
  3971 | D:4      | Reached skill level 1 in Invocations
  4053 | D:4      | Found a glowing silver altar of Zin.
  4375 | D:4      | Reached skill level 5 in Fighting
  4558 | D:5      | Entered Level 5 of the Dungeon
  4608 | D:5      | Found a shattered altar of Ashenzari.
  5025 | D:5      | Found a sparkling altar of Nemelex Xobeh.
  5125 | D:5      | Reached skill level 5 in Armour
  5323 | D:5      | Found a staircase to the Ecumenical Temple.
  5538 | D:6      | Got a scorched buckler
  5607 | D:6      | Found a glowing silver altar of Zin.
  5687 | D:6      | Reached skill level 5 in Shields
  5727 | D:6      | Found a white marble altar of Elyvilon.
  5832 | D:6      | Reached XP level 9. HP: 69/78 MP: 11/11
  5898 | D:6      | Noticed Duvessa
  5899 | D:6      | Noticed Dowan
  5909 | D:6      | Killed Dowan
  5917 | D:6      | Killed Duvessa
  6042 | D:7      | Reached * piety under Beogh
  6322 | D:7      | Found a burning altar of Makhleb.
  6361 | D:7      | Reached skill level 6 in Shields
  6368 | D:7      | Found a shimmering altar of Xom.
  6600 | D:7      | Reached skill level 5 in Invocations
  6953 | D:8      | Reached ** piety under Beogh
  6955 | D:8      | Reached XP level 10. HP: 89/90 MP: 14/14
  6999 | D:8      | Reached skill level 7 in Shields
  7131 | D:8      | Found a hazy altar of Hepliaklqana.
  7539 | D:8      | Learned a level 2 spell: Swiftness
  7650 | D:8      | Reached *** piety under Beogh
  7661 | D:8      | Reached skill level 10 in Fighting
  7840 | D:9      | Identified the cursed -4 buckler "Lyfaof" {Int+3} (You found it on level 6 of the Dungeon)
  7898 | D:9      | Reached skill level 8 in Shields
  7949 | D:9      | Reached **** piety under Beogh
  8028 | D:9      | Learned a level 2 spell: Blink
  8307 | D:9      | Found a staircase to the Lair.
  8324 | D:9      | Learned a level 1 spell: Apportation
  8496 | D:9      | Reached skill level 9 in Shields
  8552 | D:10     | Entered Level 10 of the Dungeon
  8557 | D:10     | Noticed a gargoyle
  8569 | D:10     | Killed a gargoyle
  8569 | D:10     | Reached XP level 11. HP: 96/99 MP: 16/16
  9141 | D:10     | Noticed a two-headed ogre
  9146 | D:10     | Killed a two-headed ogre
  9146 | D:10     | Reached skill level 10 in Shields
  9303 | D:11     | Noticed an unseen horror
  9317 | D:11     | Killed an unseen horror
  9528 | D:11     | Found a staircase to the Orcish Mines.
  9913 | D:11     | Noticed a manticore
  9918 | D:11     | Killed a manticore
 10156 | D:12     | Noticed a two-headed ogre
 10164 | D:12     | Killed a two-headed ogre
 10451 | D:12     | Noticed a manticore
 10458 | D:12     | Killed a manticore
 10458 | D:12     | Reached skill level 11 in Shields
 10559 | D:12     | Gained Nordag as an ally
 10779 | D:13     | Noticed a cyclops
 10785 | D:13     | Killed a cyclops
 10815 | D:13     | Got a bloodstained long sword
 10823 | D:13     | Gained Nordag as an ally
 11120 | D:13     | Noticed a death knight
 11121 | D:13     | Noticed a skeletal warrior
 11126 | D:13     | Reached ***** piety under Beogh
 11130 | D:13     | Killed a death knight
 11130 | D:13     | Reached skill level 10 in Armour
 11131 | D:13     | Reached XP level 12. HP: 49/106 MP: 19/19
 11138 | D:13     | Reached skill level 12 in Shields
 11216 | D:13     | Reached skill level 1 in Dodging
 11301 | Orc:1    | Entered Level 1 of the Orcish Mines
 11362 | Orc:1    | Noticed an orc high priest
 11371 | Orc:1    | Killed an orc high priest
 11371 | Orc:1    | Reached skill level 10 in Invocations
 11371 | Orc:1    | Gained Agrik as an ally
 11487 | Orc:1    | Found Hiurepir's Armour Emporium.
 11812 | Orc:2    | Entered Level 2 of the Orcish Mines
 11843 | Orc:2    | Found Biarea Enunn's Antique Weapon Emporium.
 11844 | Orc:2    | Noticed a two-headed ogre
 11844 | Orc:2    | Found Tighylu's Magic Scroll Emporium.
 11845 | Orc:2    | Noticed a two-headed ogre
 11845 | Orc:2    | Noticed a two-headed ogre
 11846 | Orc:2    | Noticed a two-headed ogre
 11846 | Orc:2    | Noticed an ogre mage
 11846 | Orc:2    | Noticed a two-headed ogre
 11847 | Orc:2    | Noticed a two-headed ogre
 11849 | Orc:2    | Noticed a two-headed ogre
 11852 | Orc:2    | Killed a two-headed ogre
 11854 | Orc:2    | Your ally Nordag died
 11855 | Orc:2    | Killed an ogre mage
 11856 | Orc:2    | Killed a two-headed ogre
 11856 | Orc:2    | Reached skill level 13 in Shields
 11857 | Orc:2    | Killed a two-headed ogre
 11858 | Orc:2    | Killed a two-headed ogre
 11859 | Orc:2    | Killed a two-headed ogre
 11860 | Orc:2    | Killed a two-headed ogre
 11868 | Orc:2    | Killed a two-headed ogre
 11977 | Orc:2    | Noticed an ettin
 11982 | Orc:2    | Killed an ettin
 12133 | Orc:2    | Found Gucirr's Distillery.
 12140 | Orc:2    | Bought a scroll of enchant armour for 112 gold pieces
 12140 | Orc:2    | Bought a scroll of magic mapping for 52 gold pieces
 12140 | Orc:2    | Bought a scroll of enchant armour for 112 gold pieces
 12140 | Orc:2    | Bought a scroll of brand weapon for 300 gold pieces
 12140 | Orc:2    | Bought a scroll of remove curse for 45 gold pieces
 12140 | Orc:2    | Bought a scroll of teleportation for 45 gold pieces
 12140 | Orc:2    | Bought a scroll of blinking for 112 gold pieces
 12141 | Orc:2    | Found a staircase to the Elven Halls.
 12247 | Orc:2    | Found Leuloah's Magic Scroll Emporium.
 12255 | Orc:2    | Bought a scroll of holy word for 105 gold pieces
 12255 | Orc:2    | Bought a scroll of silence for 105 gold pieces
 12256 | Orc:2    | Bought a scroll of brand weapon for 280 gold pieces
 12288 | Orc:2    | Found Yvvaocui's Gadget Shoppe.
 12289 | Orc:2    | Noticed an ogre mage
 12301 | Orc:2    | Killed an ogre mage
 12301 | Orc:2    | Reached skill level 14 in Shields
 12301 | Orc:2    | Reached XP level 13. HP: 34/113 MP: 21/21
 12432 | Orc:2    | Bought a potion of heal wounds for 60 gold pieces
 12432 | Orc:2    | Bought a potion of heal wounds for 60 gold pieces
 12432 | Orc:2    | Bought a potion of heal wounds for 60 gold pieces
 12432 | Orc:2    | Bought a potion of curing for 36 gold pieces
 12742 | Lair:1   | Entered Level 1 of the Lair of Beasts
 12842 | Lair:1   | Gained Boghold as an ally
 14476 | Lair:3   | Reached ****** piety under Beogh
 14477 | Lair:3   | Reached skill level 15 in Shields
 14514 | Lair:3   | Found a dark tunnel.
 14525 | Volcano  | Entered a volcano
 14544 | Volcano  | Found a radiant altar of Vehumet.
 14552 | Volcano  | Reached skill level 5 in Dodging
 14577 | Volcano  | Slain by a salamander

Skill      XL: |  1  2  3  4  5  6  7  8  9 10 11 12 13 |
---------------+----------------------------------------+-----
Axes           | 3 4 5 6 8 9 10 | 10.3
Fighting       | 4 6 8 10 | 10.0
Armour         | 4 5 7 8 10 | 10.1
Shields        | 5 6 9 11 14 15 | 15.0
Invocations    | 3 5 7 9 11 12 | 12.4
Dodging        | 4 5 |  5.2

Action                   |  1- 3 |  4- 6 |  7- 9 | 10-12 | 13-15 || total
-------------------------+-------+-------+-------+-------+-------++-------
Melee: War axe           |   112 |   118 |   389 |   109 |       ||   728
       Headbutt          |     1 |    18 |    77 |    99 |    41 ||   236
       Broad axe         |       |       |       |   420 |   135 ||   555
       Mace              |       |       |       |       |     4 ||     4
Throw: Tomahawk          |       |       |     2 |     4 |       ||     6
Invok: Convert to Beogh  |       |       |     1 |       |       ||     1
       Give Item to Name |       |       |       |     3 |     1 ||     4
       Recall Orcish Fol |       |       |       |     1 |     2 ||     3
  Use: Potion            |     2 |     2 |     1 |     6 |     3 ||    14
       Scroll            |       |       |    11 |    13 |     4 ||    28
 Stab: Paralysed         |       |       |       |     5 |       ||     5
       Distracted        |       |       |       |     1 |       ||     1
  Eat: Chunk             |     1 |     4 |    14 |    16 |     6 ||    41
       Fruit             |       |       |     1 |     1 |     2 ||     4
Armor: Scale mail        |    42 |    45 |    43 |       |       ||   130
       Chain mail        |       |       |   108 |    61 |       ||   169
       Plate armour      |       |       |       |   201 |    63 ||   264
Dodge: Dodged            |    31 |    38 |    82 |   130 |    28 ||   309
Block: Shield            |    53 |    46 |   199 |   386 |   101 ||   785
